 Dungeon Crawl Stone Soup version 0.14-a0-1686-g0e827d1 (webtiles) character file.

7852 Herrn the Hoplite (level 11, -2/64 HPs)
             Began as a Gargoyle Fighter on Dec 29, 2013.
             Was an Elder of Okawaru.
             Slain by a scorpion (3 damage)
             ... on Level 10 of the Dungeon on Dec 30, 2013.
             The game lasted 01:10:30 (12647 turns).

Herrn the Hoplite (Gargoyle Fighter)               Turns: 12647, Time: 01:10:30

HP  -2/64        AC 12     Str 21      XL: 11   Next:  8%
MP  25/25        EV 16     Int 13      God: Okawaru [****..]
Gold 850         SH  0     Dex 10      Spells:  0 memorised, 22 levels left

rFire  . . .     SeeInvis .     R - +3,-5 flail (protect)
rCold  . . .     Clarity  +     (no armour)
rNeg   + . .     Conserve .     (no shield)
rPois  +         rCorr    .     (no helmet)
rElec  +         rRot     +     (no cloak)
SustAb . .       Spirit   .     (no gloves)
rMut   .         Warding  .     (no boots)
Saprov . . .     Stasis   .     j - amulet of clarity
                                u - +2 ring of evasion
                                I - +3 ring of intelligence

@: somewhat resistant to hostile enchantments, unstealthy
A: life protection 1, electricity resistance, unbreathing, petrification
resistance, AC +7
a: Heroism, Renounce Religion


You were on level 10 of the Dungeon.
You worshipped Okawaru.
Okawaru was greatly pleased with you.
You were not hungry.

You visited 3 branches of the dungeon, and saw 12 of its levels.
You also visited: Sewer.

You collected 850 gold pieces.

Inventory:

Hand weapons
 R - a +3,-5 flail of protection (weapon)
 T - a cursed +2,+2 dwarven mace of protection
Magical devices
 r - a wand of teleportation (4) {unknown}
 y - a wand of random effects (15) {unknown}
 C - a wand of teleportation (7) {unknown}
 F - a wand of slowing (8) {unknown}
 J - a wand of magic darts (18)
 M - a wand of invisibility (3)
 N - a wand of draining (2) {unknown}
 X - a wand of fire (4) {unknown}
Comestibles
 a - 6 honeycombs
 d - 11 bread rations
 f - 9 sultanas
 z - 6 lemons
Scrolls
 e - 5 scrolls of remove curse
 k - 2 scrolls of blinking
 l - a scroll of enchant weapon II
 o - a scroll of fear {unknown}
 s - 2 scrolls of enchant armour
 w - a scroll of acquirement {unknown}
 B - a scroll of recharging
 P - 3 scrolls of teleportation
 Y - a scroll of fog
Jewellery
 j - an amulet of clarity (around neck)
 n - an uncursed ring of protection from cold
 p - an uncursed ring of wizardry
 u - a +2 ring of evasion (right hand)
 x - an uncursed amulet of the gourmand
 I - a +3 ring of intelligence (left hand)
 Q - an uncursed amulet of guardian spirit
 U - an uncursed amulet of resist corrosion
Potions
 b - 2 potions of paralysis {unknown}
 g - 3 potions of curing
 h - 2 potions of poison {unknown}
 i - 2 potions of magic {unknown}
 m - 2 potions of resistance {unknown}
 q - 4 potions of restore abilities {unknown}
 t - 2 potions of invisibility {unknown}
 D - 2 potions of heal wounds {unknown}
 E - a potion of berserk rage {unknown}
 H - a potion of confusion {unknown}
 O - a potion of speed
 W - a potion of porridge
Books
 L - a book of Enchantments

   Spells                             Type                      Level
   Cause Fear                         Hexes                        4
   Silence                            Hexes/Air                    5
   Tukima's Dance                     Hexes                        5
   Deflect Missiles                   Charms/Air                   6
   Haste                              Charms                       6
   Discord                            Hexes                        8


   Skills:
 + Level 6.2 Fighting
 + Level 7.8 Maces & Flails
 + Level 7.0 Armour
 * Level 6.6 Dodging
   Level 9.4 Shields
 - Level 6.2 Spellcasting


You had 22 spell levels left.
You didn't know any spells.

Dungeon Overview and Level Annotations

Branches:
Dungeon (10/16)            Temple (1/1) D:4            Lair (1/8) D:9
    Orc: D:9-12

Altars:
Ashenzari
Cheibriados
Elyvilon
Fedhas
Kikubaaqudgha
Makhleb
Nemelex Xobeh
Okawaru
Sif Muna
Trog
Vehumet
Xom
Yredelemnul
Zin
the Shining One

Shops:
D:8 *


Innate Abilities, Weirdness & Mutations

You are resistant to torment.
You are immune to poison.
Your stone body is very resilient (AC +7).
You resist negative energy.
You are resistant to electric shocks.
You can survive without breathing.
You are immune to petrification.


Message History

* * * LOW HITPOINT WARNING * * *
The scorpion closely misses you. The scorpion misses you.
The scorpion stings you.
* * * LOW HITPOINT WARNING * * *
The scorpion completely misses you. The scorpion barely misses you.
The scorpion barely misses you. The scorpion misses you.
The scorpion stings you.
* * * LOW HITPOINT WARNING * * *
The scorpion misses you. The scorpion completely misses you.
The scorpion stings you but does no damage.
The scorpion misses you.
The scorpion stings you but does no damage.
The scorpion stings you.
* * * LOW HITPOINT WARNING * * *
The scorpion stings you.
* * * LOW HITPOINT WARNING * * *
The scorpion stings you.
You die...

########### #.........#
#.........#
######.........#
....#....$$...#
#.#.#.........#####..+
#.#.#......?s.'......#
#...'.......s@#####.##
#.#.#.........#
####.#.#.........#
.....#.#.........#
######<#.........#####.#
#.#[........'...s.#
###'#.........####....
## #.............# ...
#.............# ##


You could see 2 scorpions.

Vanquished Creatures
  Pikel (D:8)
  A fire drake (D:9)
  2 hippogriffs (D:7)
  A wyvern (D:9)
  Edmund (D:8)
  2 sky beasts
  Purgy (Sewer)
  2 ice beasts
  3 orc warriors
  4 phantoms
  5 ogres
  A boring beetle (D:8)
  2 centaurs (D:7)
  3 giant goldfish (D:6)
  3 big kobolds (D:6)
  A crocodile (Lair:1)
  A giant slug (D:8)
  5 giant frogs
  A gnoll sergeant (D:9)
  9 killer bees
  7 jellies
  2 jellyfish (D:6)
  7 wights (D:8)
  5 goliath beetles
  A yak skeleton (D:8)
  An electric eel (D:6)
  9 crimson imps
  4 orc wizards
  A giant frog skeleton (D:6)
  A giant frog zombie (D:9)
  8 hounds
  2 scorpions (D:6)
  3 orc priests
  2 big fish (D:6)
  8 worker ants
  2 iguanas (D:4)
  7 adders
  5 giant centipedes
  13 gnolls
  5 giant mites (D:4)
  3 worms
  3 oozes
  19 orcs
  2 ball pythons
  15 bats
  A bat skeleton (D:6)
  A bat zombie (D:6)
  41 goblins
  40 hobgoblins
  10 jackals
  15 kobolds
  2 quokkas
  11 giant cockroaches
  8 giant geckos
  7 giant newts
  A hobgoblin skeleton (D:10)
  An orc zombie (D:7)
  11 rats
  A rat skeleton (D:7)
  A rat zombie (D:5)
335 creatures vanquished.

Vanquished Creatures (others)
  2 slaves (D:8)
2 creatures vanquished.

Grand Total: 337 creatures vanquished

Notes
Turn   | Place    | Note
--------------------------------------------------------------
     0 | D:1      | Herrn, the Gargoyle Fighter, began the quest for the Orb.
     0 | D:1      | Reached XP level 1. HP: 14/14 MP: 1/1
   178 | D:1      | Reached XP level 2. HP: 17/19 MP: 2/2
   529 | D:1      | Reached XP level 3. HP: 18/23 MP: 3/3
   793 | D:2      | Reached skill level 1 in Dodging
  1023 | D:2      | Reached skill level 1 in Spellcasting
  1023 | D:2      | Reached XP level 4. HP: 26/28 MP: 5/5
  1187 | D:3      | Reached skill level 4 in Armour
  1316 | D:3      | Noticed a phantom
  1364 | D:3      | Killed a phantom
  1364 | D:3      | Reached XP level 5. HP: 7/33 MP: 7/7
  1804 | D:3      | Reached XP level 6. HP: 28/38 MP: 9/9
  2572 | D:4      | Found a glowing drain.
  2595 | Sewer    | Entered a sewer
  2633 | Sewer    | Noticed Purgy
  2649 | Sewer    | Killed Purgy
  3003 | D:4      | Found a staircase to the Ecumenical Temple.
  3010 | Temple   | Entered the Ecumenical Temple
  3066 | Temple   | Became a worshipper of Warmaster Okawaru
  3255 | D:4      | Reached XP level 7. HP: 38/43 MP: 10/12
  3335 | D:5      | Entered Level 5 of the Dungeon
  3537 | D:5      | Reached skill level 5 in Shields
  3554 | D:5      | Found a bloodstained altar of Trog.
  3708 | D:5      | Found a glowing golden altar of the Shining One.
  4122 | D:6      | Reached skill level 5 in Armour
  4122 | D:6      | Reached XP level 8. HP: 30/48 MP: 15/15
  4127 | D:6      | Acquired Okawaru's first power
  4610 | D:6      | Found a white marble altar of Elyvilon.
  4756 | D:6      | Found an ancient bone altar of Kikubaaqudgha.
  5221 | D:6      | Reached skill level 6 in Shields
  5435 | D:6      | Reached XP level 9. HP: 50/52 MP: 18/18
  5552 | D:6      | Reached skill level 5 in Maces & Flails
  5856 | D:6      | Reached skill level 5 in Dodging
  6834 | D:7      | Reached skill level 7 in Shields
  7199 | D:7      | Reached skill level 5 in Fighting
  7702 | D:8      | Reached skill level 5 in Spellcasting
  7748 | D:8      | Noticed Edmund
  7775 | D:8      | Killed Edmund
  7775 | D:8      | Reached XP level 10. HP: 42/59 MP: 22/22
  8033 | D:8      | Found a bloodstained altar of Trog.
  8088 | D:8      | Found Kud Utoh's General Store.
  8110 | D:8      | Noticed Pikel
  8148 | D:8      | Killed Pikel
  8148 | D:8      | Reached skill level 8 in Shields
  8622 | D:8      | Found a shimmering altar of Xom.
  8622 | D:8      | Found a burning altar of Makhleb.
  9965 | D:9      | Found a white marble altar of Elyvilon.
  9965 | D:9      | Found a deep blue altar of Sif Muna.
 10750 | D:9      | Found a staircase to the Lair.
 10779 | D:9      | Reached skill level 9 in Shields
 11489 | D:9      | Reached XP level 11. HP: 64/64 MP: 25/25
 11692 | Lair:1   | Entered Level 1 of the Lair of Beasts
 11816 | D:10     | Entered Level 10 of the Dungeon
 12276 | D:10     | Upgraded the game from 0.14-a0-1663-g0b35444 to 0.14-a0-1686-g0e827d1
 12646 | D:10     | HP: 1/64 [scorpion (3)]
 12647 | D:10     | Slain by a scorpion

Action                   |  1- 3 |  4- 6 |  7- 9 | 10-12 || total
-------------------------+-------+-------+-------+-------++-------
Melee: Mace              |   137 |    66 |       |       ||   203
       Flail             |       |   181 |   673 |  1062 ||  1916
Evoke: Wand              |       |       |       |     1 ||     1
  Use: Scroll            |       |       |     3 |    12 ||    15
       Potion            |       |       |       |     2 ||     2
 Stab: Invisible         |       |       |       |     2 ||     2
